 Dungeon Crawl Stone Soup version 0.27-a0-1595-g0b823d0a13 (webtiles) character file.

Game seed: 16948607602280612742

63 bande the Skirmisher (level 4, -3/29 HPs)
             Began as a Gargoyle Fighter on July 21, 2021.
             Slain by a scorpion (8 damage)
             ... on level 3 of the Dungeon.
             The game lasted 00:02:02 (1777 turns).

bande the Skirmisher (Gargoyle Fighter)             Turns: 1777, Time: 00:02:03

Health: -3/29      AC: 10    Str: 19    XL:     4   Next: 9%
Magic:  4/4        EV:  7    Int:  9    God:
Gold:   36         SH:  9    Dex: 10    Spells: 3/3 levels left

rFire    . . .     SeeInvis .   a - +0 war axe
rCold    . . .     Faith    .   c - +0 kite shield
rNeg     + . .     Spirit   .   b - +0 scale mail
rPois    ∞         Reflect  .   (no helmet)
rElec    +         Harm     .   (no cloak)
rCorr    .         Rampage  .   (no gloves)
Will     .....                  (no boots)
Stlth    ..........             (no amulet)
HPRegen  0.09/turn              (no ring)
MPRegen  0.09/turn              (no ring)

@: no status effects
A: sickness immunity, AC +3, negative energy resistance 1, electricity
resistance, torment resistance 1, petrification resistance
a: no special abilities


You were on level 3 of the Dungeon.
You visited 1 branch of the dungeon, and saw 3 of its levels.

You collected 36 gold pieces.

Inventory:

Hand Weapons
 a - a +0 war axe (weapon)
Missiles
 g - 10 atropa-tipped darts (quivered)
Armour
 b - a +0 scale mail (worn)
 c - a +0 kite shield (worn)
Wands
 e - a wand of acid (9)
Scrolls
 f - a scroll of torment {unknown}
Potions
 d - a potion of might
 i - a potion of cancellation


   Skills:
 + Level 3.8 Fighting
 + Level 2.7 Axes
 + Level 3.6 Armour
 + Level 0.1 Dodging
 + Level 3.8 Shields
 * Level 0.1 Evocations


You had 3 spell levels left.
You didn't know any spells.
Your spell library was empty.

Dungeon Overview and Level Annotations

Branches:
Dungeon (3/15)

Altars:

Shops:
D:2 [


Innate Abilities, Weirdness & Mutations

You are immune to sickness and miasma.
Your stone body is resilient. (AC +3)
You are immune to poison.
You resist negative energy. (rN+)
You are resistant to electric shocks. (rElec)
You are resistant to unholy torment.
You are immune to petrification.


Message History

You block the scorpion's attack.
You slash the scorpion!
The scorpion is severely wounded.
You block the scorpion's attack. x2
You closely miss the scorpion.
The scorpion is heavily wounded.
The scorpion stings you. You block the scorpion's attack.
Your shield and scale mail prevent you from hitting the scorpion.
The scorpion is heavily wounded.
The scorpion stings you but does no damage.
The scorpion stings you.
You are too injured to fight recklessly!
You are too injured to fight recklessly!
You are too injured to fight recklessly!
You are too injured to fight recklessly!
You are too injured to fight recklessly!
You are too injured to fight recklessly!
You are too injured to fight recklessly!
You are too injured to fight recklessly!
You are too injured to fight recklessly!
You closely miss the scorpion.
The scorpion is heavily wounded.
You block the scorpion's attack.
The scorpion stings you but does no damage.
You barely miss the scorpion.
The scorpion is heavily wounded.
The scorpion stings you but does no damage.
The scorpion stings you.
You hit the scorpion.
The scorpion is severely wounded.
The scorpion stings you but does no damage.
The scorpion stings you.
* * * LOW HITPOINT WARNING * * *
You barely miss the scorpion.
The scorpion is severely wounded.
The scorpion stings you but does no damage.
You hit the scorpion.
The scorpion is severely wounded.
The scorpion stings you!
You die...

........ . ##....... .
##........ .#
##......... #.# .
#####.........# ...#.#
#......#....#.##.#...#
#......#....#..s...#
#......#....#.@..#
#..............####
#######.............
###†....##.#####
##.......##.#
######........##.#
........##....##.#
........########.#
..<.....#


You could see a scorpion.

Vanquished Creatures
  2 adders (D:2)
  3 dart slugs
  6 ball pythons
  A bat (D:3)
  4 endoplasms
  2 giant cockroaches
  2 goblins
  2 hobgoblins
  5 jackals (D:1)
  A quokka (D:1)
  A frilled lizard (D:1)
  3 kobolds
  5 rats
37 creatures vanquished.

Notes
Turn   | Place    | Note
-------+----------+-------------------------------------------
     0 | D:1      | bande the Gargoyle Fighter began the quest for the Orb.
     0 | D:1      | Reached XP level 1. HP: 14/14 MP: 1/1
   217 | D:1      | Reached XP level 2. HP: 12/19 MP: 2/2
   850 | D:1      | Reached XP level 3. HP: 21/24 MP: 3/3
  1305 | D:2      | Found a faded altar of an unknown god.
  1346 | D:2      | Found Xilir's Armour Emporium.
  1625 | D:2      | Reached XP level 4. HP: 27/29 MP: 4/4
  1764 | D:3      | Noticed a scorpion
  1777 | D:3      | Slain by a scorpion

Illustrated notes

Levels and vault maps discovered:
D:1:      doesnt_arrival_eight_statues, layout_rooms
D:2:      layout_loops_cross, dilly_ecumenical_altar_fadedgnrine, serial_shops,
          nicolae_shop_window_shopping
D:3:      layout_rooms, kennysheep_slug_shrine, lemuel_doored_altar

Skill      XL: |  1  2 |
---------------+-------+-----
Axes           | 2 |  2.7
Fighting       | |  3.8
Armour         | |  3.6
Dodging        | |  0.1
Shields        | |  3.8
Evocations     | |  0.1

Action                   |  1- 3 |  4- 6 || total
-------------------------+-------+-------++-------
Melee: War axe           |   109 |    15 ||   124
  Use: Scroll            |     4 |       ||     4
Armor: Scale mail        |    57 |    11 ||    68
Dodge: Dodged            |    44 |     1 ||    45
Block: Kite shield       |    65 |     6 ||    71

Table legend: (Time is in decaauts)
 A = Elapsed time spent in this place.
 B = Non-inter-level travel time spent in this place.
 C = Inter-level travel time spent in this place.
 D = Time resting spent in this place.
 E = Time spent auto-exploring this place.
 F = Levels seen in this place.
 G = Mean time per level.
                   A        B        C        D        E       F      G
               +--------+--------+--------+--------+--------+-----+--------+
         Total |   1853 |   1827 |     26 |    209 |   1307 |   3 |  617.7 |
       Dungeon |   1853 |   1827 |     26 |    209 |   1307 |   3 |  617.7 |
               +--------+--------+--------+--------+--------+-----+--------+

Top non-repeatable levels by time:
     D:1: 1110 daAuts
     D:2: 697 daAuts
     D:3: 44 daAuts
